Workbook

Sheet 団体等概要
V1: 45667 | X1: 版
A2: （様式Ⅰ）日本博2.0事業（補助型）交付要望書 団体等概要
N4: 作成日 | Q4: 令和 年 月 日
A6: ■団体等概要
A7: フリガナ
A8: 組織・団体等名
E9: ※実行委員会、共同事業体等の場合は、その名称を記入し、実施体制を様式Ⅲに記入。
A10: 代表者情報 | E10: 代表者役職
E11: フリガナ
E12: 代表者氏名
A13: 団体等住所 ※採択後、交付申請書に記載する住所を記入 | E13: 郵便番号 | H13: 〒
E14: 都道府県 | J14: 市区町村～番地、建物名
A16: 担当者情報 | E16: 部署・ 役職名 | O16: フリガナ
O17: 担当者氏名
E18: TEL | O18: FAX(※任意)
E19: メールアドレス
A20: 書類送付先 ※上記の団体等住所と 同様の場合は省略可 | E20: 郵便番号 | H20: 〒
E21: 都道府県 | I21: 市区町村～番地、建物名
A24: フリガナ
A25: 事業名 | Y25: ="※現在の文字数（全角）"&LENB(E25)/2 -> ※現在の文字数（全角）0
E26: ※採択後は本事業名にて交付決定を行いますので、長すぎる名称は控えてください。[50字以内] ※採択された場合には事業名を公表します。公表して差支えのない名称としてください。採択後の変更は原則不可。
A27: 令和７年度における事業実施希望期間 ※令和７年４月１日～令和８年２月２８日までの期間内で記入。
A28: （着手希望日） | E28: 令和 年 月 日 | P28: ※交付決定日以降に、契約・発注した経費が支払いの対象となります。
A29: （完了希望日） | E29: 令和 年 月 日 | P29: ※完了日以前に納品・検収が完了した経費が支払いの対象となります。
A30: 実施場所 ※上記の団体等住所と 同様の場合は省略可
E31: ※括弧書きで所在する都道府県を記入。
A33: ■他事業等への応募状況
A34: 芸術文化振興基金への応募 | L34: 選択してください | Q34: （助成事業名： ）
A35: 文化庁及び他省庁等の令和７年度事業等への応募 | L35: 選択してください
B36: ※ 事業実施計画内に、文化庁及び他省庁等の令和７年度事業等に応募した事業・取組が含まれる場合は、「有」を選択。
B37: 応募した文化庁及び他省庁等の 補助金・助成金等の名称、申請額 （各補助金・助成金ごとに個別に記載してください） | L37: 名称 | S37: 申請額 | X37: 千円
L38: 名称 | S38: 申請額 | X38: 千円

Sheet 【１】要旨
Y1: =IF(団体等概要!V1="","",団体等概要!V1) -> 45667 | AA1: 版
A2: （様式Ⅰ）日本博2.0事業（補助型） 交付要望書 【１】要旨
O4: 組織・団体等名 | S4: =団体等概要!E8 -> 0
O5: 事業名 | S5: =団体等概要!E25 -> 0
A7: ※本シートは簡潔に記入し、詳細は「(1)事業内容に関する情報」「(2)現状に関する情報」シートに記入すること。 ※応募内容を画像や図表などで視覚的に補足する必要があれば、補足資料に盛り込むこと。
A8: 磨き上げの対象となる文化資源 [150字以内]
AB9: ="※現在の文字数（全角）"&LENB(B9)/2 -> ※現在の文字数（全角）0
A11: 当該文化資源の磨き上げを行う理由 [300字以内]
AB13: ="※現在の文字数（全角）"&LENB(B12)/2 -> ※現在の文字数（全角）0
A16: 来訪者数・満足度の目標と実績
B17: 来訪者数 | G17: 令和５年度 | N17: 令和６年度 | U17: 令和７年度
B18: 外国人 | C18: 目標値 | L18: 人 | S18: 人 | Z18: 人
C19: 実績値 | L19: 人 | S19: 人
B20: 全体 | C20: 目標値 | L20: 人 | S20: 人 | Z20: 人
C21: 実績値 | L21: 人 | S21: 人
B22: 満足度 | G22: 令和５年度 | N22: 令和６年度 | U22: 令和７年度
B23: 外国人 | C23: 目標値 | L23: ％ (単位は変更可） | S23: ％ (単位は変更可） | Z23: ％ (単位は変更可）
C24: 実績値 | L24: ％ (単位は変更可） | S24: ％ (単位は変更可）
B25: 全体 | C25: 目標値 | L25: ％ (単位は変更可） | S25: ％ (単位は変更可） | Z25: ％ (単位は変更可）
C26: 実績値 | L26: ％ (単位は変更可） | S26: ％ (単位は変更可）
A27: 令和７年度に行う取組の概要 [500字以内]
AB29: ="※現在の文字数（全角）"&LENB(B28)/2 -> ※現在の文字数（全角）0
A34: 令和６年度までの実績 [500字以内] ※令和６年補助を受けた事業者は、日本博2.0事業の実施を通じて得た成果も記入。 ※その他の場合は、日本博2.0事業と同等の取組の実績や成果を記入。
AB36: ="※現在の文字数（全角）"&LENB(B35)/2 -> ※現在の文字数（全角）0
A41: 令和８年度以降に行う取組の方向性（中期的な展望を含む） [300字以内]
AB43: ="※現在の文字数（全角）"&LENB(B42)/2 -> ※現在の文字数（全角）0

Sheet 【２】事業詳細(1)
X1: =IF(団体等概要!V1="","",団体等概要!V1) -> 45667 | AA1: 版
A2: （様式Ⅰ）日本博2.0事業（補助型）交付要望書 【２】事業詳細 (1)事業内容に関する情報
N4: 組織・団体等名 | R4: =団体等概要!E8 -> 0
N5: 事業名 | R5: =団体等概要!E25 -> 0
A6: ■事業内容に関する情報
A7: [１]当該文化資源を磨き上げるための取組
B8: 取組内容を具体的に記入し、取組によって成果が得られる根拠を道筋立てて記入。また、取組を通じて上がる成果は、どのような定量的測定・比較分析等をすることにより検証できるのか、具体的な方法を記入。
B9: 各取組の概要 | P9: 得られる成果・その根拠 | V9: 達成度合いの測定手法
B10: 取組① | C10: 取組名 | P10: 成果 | Q10: 選択してください。
AB12: ="※現在の文字数（全角）"&LENB(C11)/2 -> ※現在の文字数（全角）0
C14: 実施期間 | E14: 令和７年 月～令和 年 月
B15: 取組② | C15: 取組名 | P15: 成果 | Q15: 選択してください。
AB16: ="※現在の文字数（全角）"&LENB(C16)/2 -> ※現在の文字数（全角）0
C19: 実施期間 | E19: 令和７年 月～令和 年 月
B20: 取組③ | C20: 取組名 | P20: 成果 | Q20: 選択してください。
AB21: ="※現在の文字数（全角）"&LENB(C21)/2 -> ※現在の文字数（全角）0
C24: 実施期間 | E24: 令和７年 月～令和 年 月
B25: 取組④ | C25: 取組名 | P25: 成果 | Q25: 選択してください。
AB26: ="※現在の文字数（全角）"&LENB(C26)/2 -> ※現在の文字数（全角）0
C29: 実施期間 | E29: 令和７年 月～令和 年 月
B30: 取組⑤ | C30: 取組名 | P30: 成果 | Q30: 選択してください。
C31: ※取組を６以上実施する場合は欄を適宜コピー挿入してください。 | AB31: ="※現在の文字数（全角）"&LENB(C31)/2 -> ※現在の文字数（全角）30
C34: 実施期間 | E34: 令和７年 月～令和 年 月
A35: [２]令和７年度事業の目標値について
B36: 外国人来訪者数の目標値設定の根拠 [300字以内] ※要旨に記入した令和７年度事業の来場者目標値の設定根拠について、令和６年度までの実績を踏まえて記入。
AB38: ="※現在の文字数（全角）"&LENB(B37)/2 -> ※現在の文字数（全角）0
B41: 外国人来訪者の満足度の目標値設定の根拠 [300字以内] ※要旨に記入した令和７年度事業の満足度目標値の設定根拠について、令和６年度までの実績を踏まえて記入。
AB43: ="※現在の文字数（全角）"&LENB(B42)/2 -> ※現在の文字数（全角）0
A46: [３]事業運営に関する情報
A47: ① | B47: 事業運営体制 [300字以内]
B48: ※事業における団体の実施体制や、複数の団体から構成される実行委員会の場合は各構成団体の役割、関係機関との連携などを記入。
AB50: ="※現在の文字数（全角）"&LENB(B49)/2 -> ※現在の文字数（全角）0
A53: ② | B53: 外部資金の獲得や自己収入等事業の自走化に向けた具体的な取組 [300字以内]
B54: ※民間事業者との連携や、民間の協賛金や助成金、クラウドファンディング、高付加価値な有料プログラムの実施などを記入。
AB56: ="※現在の文字数（全角）"&LENB(B55)/2 -> ※現在の文字数（全角）0
A60: ※以下の取組が含まれている場合には、○を記入してください（複数選択可）。
A61: ① | B61: 障害の有無にかかわらず参加・体験できる取組や、ユニバーサルツーリズム、共生社会を推進する取組
A62: ② | B62: アイヌ文化や琉球文化振興をはじめとする多文化共生を推進する取組
A63: ③ | B63: 被災地と協働するなど、被災地復興を推進する取組

Sheet 【２】事業詳細(2)
X1: =IF(団体等概要!V1="","",団体等概要!V1) -> 45667 | AA1: 版
A2: （様式Ⅰ）日本博2.0事業（補助型）交付要望書 【２】事業詳細 (2)現状に関する情報
N4: 組織・団体等名 | R4: =団体等概要!E8 -> 0
N5: 事業名 | R5: =団体等概要!E25 -> 0
A6: ■現状に関する情報
A7: ① | B7: 外国人来訪者の利便性を図るための取組の現状 [200字以内]
B8: ※外国語による案内表示、パンフレット、音声ガイド、字幕、アプリ、通訳案内士の配置、解説ツアーの提供等、応募時点で実施していることを具体的に記入。応募時点で何も対応していない場合はその旨を記入。
AB10: ="※現在の文字数（全角）"&LENB(B9)/2 -> ※現在の文字数（全角）0
A12: ② | B12: 外国人来訪者のニーズ把握や国外に向けた広報宣伝の取組の現状 [200字以内]
B13: ※来場者アンケート、インバウンドによる口コミやSNS投稿の促し、地図情報サービスへの登録、インバウンドをターゲットにしたSNS発信など具体的に記入。応募時点で何も対応していない場合はその旨を記入。
AB15: ="※現在の文字数（全角）"&LENB(B14)/2 -> ※現在の文字数（全角）0
A17: ③ | B17: 外国人来訪者のリピーター数の把握及び再訪を促すための取組の現状 [200字以内]
B18: ※磨き上げの対象とする文化資源への再訪状況及び再訪を促すために行っている取組を具体的に記入。継続的に連絡できるリピーター数（個人・団体数）など数値を含めること。応募時点で把握していない／再訪を促す取組を行っていない場合はその旨を記入。
AB20: ="※現在の文字数（全角）"&LENB(B19)/2 -> ※現在の文字数（全角）0
A22: ④ | B22: 交通事業者や周辺施設等（飲食店・宿泊施設・地域等）との連携状況 [200字以内]
B23: ※空港・主要駅からの直行バスや各会場を結ぶ周遊バスの運行、入場券と乗車券のセット販売、会場までの送迎付きプラン、早朝貸切プラン、演劇鑑賞後のディナー付きプランなど、具体的に記入。応募時点で対応していない場合は、その旨を記入。
AB25: ="※現在の文字数（全角）"&LENB(B24)/2 -> ※現在の文字数（全角）0
A27: ⑤ | B27: 外部資金の獲得や自己収入等を増やす取組の現状 [200字以内]
B28: ※協賛金、助成金、寄付金受け入れ等の日本博2.0事業で受け取る補助金以外に行っている外部資金受け入れの取組を具体的に記入。応募時点で該当する取組がない場合は、その旨を記入。
AB30: ="※現在の文字数（全角）"&LENB(B29)/2 -> ※現在の文字数（全角）0
